 Dungeon Crawl Stone Soup version 0.24-a0-769-g368c1644f8 (webtiles) character file.

Game seed: 14910166253048631869, levelgen mode: deterministic

118 Gargoyl the Skirmisher (level 4, 0/40 HPs)
             Began as a Centaur Abyssal Knight on Oct 4, 2019.
             Was a Follower of Lugonu.
             Slain by a gnoll
             ... wielding a +0 spear
              (2 damage)
             ... on level 4 of the Dungeon.
             The game lasted 00:03:35 (2597 turns).

Gargoyl the Skirmisher (Centaur Abyssal Knight)     Turns: 2597, Time: 00:03:35

Health: 0/40       AC:  8    Str: 14    XL:     4   Next: 72%
Magic:  0/5        EV:  4    Int: 11    God:    Lugonu [*.....]
Gold:   156        SH:  0    Dex: 10    Spells: 3/3 levels left

rFire    + . .     SeeInvis .   a - +1 hand axe
rCold    + . .     Gourm    .   (no shield)
rNeg     + . .     Faith    .   g - +0 chain mail {rC+}
rPois    .         Spirit   +   h - +0 helmet
rElec    .         Reflect  .   (no cloak)
rCorr    .         Harm     .   (no gloves)
MR       .....                  (no barding)
Stlth    ..........             w - amulet of guardian spirit
HPRegen  0.13/turn              i - ring of positive energy
MPRegen  0.09/turn              v - ring of protection from fire

@: very quick
A: large, hooves 3, deformed body, speed 2, tough skin 3
a: Depart the Abyss, Renounce Religion


You were on level 4 of the Dungeon.
You worshipped Lugonu.
Lugonu was aware of your devotion.
You were hungry.

You visited 1 branch of the dungeon, and saw 4 of its levels.
You visited the Abyss 1 time.

You collected 156 gold pieces.

Inventory:

Hand Weapons
 a - a +1 hand axe (weapon)
 e - a +0 war axe
Armour
 g - a +0 chain mail of cold resistance (worn)
 h - a +0 helmet (worn)
Jewellery
 i - a ring of positive energy (left hand)
 v - a ring of protection from fire (right hand)
 w - an amulet of guardian spirit (around neck)
Wands
 o - a wand of random effects (11)
Scrolls
 d - a scroll of remove curse
 q - a scroll of teleportation
 t - 2 scrolls of identify
Potions
 b - a potion of agility {unknown}
 f - a potion of degeneration {unknown}
 j - a potion of curing {unknown}
 k - 2 potions of haste {unknown}
 l - 3 potions of magic {unknown}
 m - 2 potions of flight {unknown}
 n - 2 potions of lignification {unknown}
 p - 2 potions of brilliance {unknown}
 r - a potion of ambrosia {unknown}
 s - a potion of mutation {unknown}
 u - 2 potions of berserk rage {unknown}
Comestibles
 c - 8 rations


   Skills:
 + Level 3.6 Fighting
 + Level 2.4 Axes
 * Level 2.4 Armour
 * Level 1.2 Dodging
 * Level 2.6 Invocations


You had 3 spell levels left.
You didn't know any spells.
Your spell library was empty.

Dungeon Overview and Level Annotations

Branches:
Dungeon (4/15)
 Temple: D:4-7

Altars:
Gozag
Ru
Wu Jian


Innate Abilities, Weirdness & Mutations

You have hooves in place of feet.
Armour fits poorly on your strangely shaped body.
You cover ground very quickly.
You have extremely tough skin. (AC +3)


Message History

* * * LOW HITPOINT WARNING * * *
You slash the gnoll!
You kill the gnoll!
Lugonu accepts your kill.
The gnoll hits you from afar with a +0 spear.
* * * LOW HITPOINT WARNING * * *
The gnoll hits you with a +0 spear.
* * * LOW HITPOINT WARNING * * *
You barely miss the gnoll. Your kick misses the gnoll.
The gnoll hits you with a +0 spear.
* * * LOW HITPOINT WARNING * * *
You closely miss the gnoll. The gnoll hits you but does no damage.
You hit the gnoll but do no damage. You kick the gnoll.
The gnoll is moderately wounded.
The gnoll hits you with a +0 spear.
* * * LOW HITPOINT WARNING * * *
You slash the gnoll!
The gnoll is severely wounded.
The gnoll hits you with a +0 spear.
You die...

...........# #..........#
.#####.##.###########
##.##..##....(...
######..###...........
#...†..## ####........
#......# ##........
#.....##### #..#######
#####...g@....###.##
..######.....##.####.#...#
.........#####..#
#...########## .######)##
...#####.....†....... #.#
#.#.........########## #.#
.....####..#....#
....##.## #.<#####.# ..# .
#.## # ..## ...


You could see a gnoll.

Vanquished Creatures
  A worker ant (D:4)
  2 gnolls (D:4)
  2 adders
  A worm (D:4)
  4 dart slugs
  A leopard gecko (D:3)
  2 orcs (D:3)
  3 goblins
  10 hobgoblins
  2 jackals (D:2)
  A quokka (D:3)
  5 bats
  2 frilled lizards
  7 kobolds
  A rat (D:1)
  A plant (D:2)
45 creatures vanquished.

Vanquished Creatures (others)
  5 toadstools (D:1)
5 creatures vanquished.

Grand Total: 50 creatures vanquished

Notes
Turn   | Place    | Note
-------+----------+-------------------------------------------
     0 | Abyss:1  | Gargoyl the Centaur Abyssal Knight began the quest for the
                  | Orb.
     0 | Abyss:1  | Reached XP level 1. HP: 19/19 MP: 2/2
     8 | Abyss:1  | Found a corrupted altar of Lugonu.
    85 | Abyss:2  | Noticed a ynoxinul
    85 | Abyss:2  | Noticed a starcursed mass
    86 | D:1      | Escaped the Abyss
   334 | D:1      | Reached XP level 2. HP: 24/26 MP: 3/3
   547 | D:1      | Reached * piety under Lugonu
   698 | D:2      | Reached skill level 1 in Dodging
   698 | D:2      | Reached XP level 3. HP: 22/31 MP: 4/4
  1203 | D:2      | Found a sacrificial altar of Ru.
  1208 | D:2      | Found an ornate altar of the Wu Jian Council.
  1209 | D:2      | Found an opulent altar of Gozag.
  1410 | D:3      | Found an opulent altar of Gozag.
  2290 | D:4      | Reached XP level 4. HP: 38/39 MP: 5/5
  2596 | D:4      | HP: 2/40 [gnoll/+0 spear (3)]
  2597 | D:4      | Slain by a gnoll

Levels and vault maps discovered:
D:1:      ldierk_walled_garden, layout_basic
D:2:      layout_rooms, minitemple, serial_bayou, serial_bayou_shore_b,
          serial_bayou_crossing, serial_bayou_lagoon_a, serial_bayou_pond_a
D:3:      corexii_shack_village, layout_loops_ring, nicolae_gozag_seed_capital
D:4:      layout_rooms, first_ration, serial_shops,
          nicolae_shop_competitors_out_of_business, kennysheep_generic_room_12,
          uniq_eustachio

Skill      XL: |  1  2  3 |
---------------+----------+-----
Axes           | 2 |  2.4
Dodging        | 1 |  1.2
Armour         | 2 |  2.4
Fighting       | |  3.6
Invocations    | |  2.6

Action                   |  1- 3 |  4- 6 || total
-------------------------+-------+-------++-------
Melee: Hand axe          |   128 |    25 ||   153
       Kick              |    23 |     5 ||    28
Invok: Depart the Abyss  |     1 |       ||     1
  Use: Scroll            |     4 |     1 ||     5
  Eat: Chunk             |     3 |       ||     3
Armor: Chain mail        |    53 |    16 ||    69
Dodge: Dodged            |    30 |     5 ||    35

Table legend:
 A = Non-vault XP
 B = Vault XP
 C = Vault XP percentage of total XP
 D = Non-vault monster count
 E = Vault monster count
 F = Vault count percentage of total count
                 A         B        C        D         E       F
            +---------+---------+-------+---------+---------+-------
      Total |     153 |      16 |   9.5 |      37 |       7 |  15.9
            +---------+---------+-------+---------+---------+-------
        D:1 |      30 |       0 |   0.0 |      15 |       0 |   0.0
        D:2 |      29 |       0 |   0.0 |      10 |       0 |   0.0
        D:3 |      15 |      16 |  51.6 |       7 |       7 |  50.0
        D:4 |      79 |       0 |   0.0 |       5 |       0 |   0.0
            +---------+---------+-------+---------+---------+-------
